 Dungeon Crawl Stone Soup version 0.30-a0-141-g30f27751c5 (webtiles) character file.

Game seed: 9929440194574834074

54 qw the Chopper (level 3, -4/23 HPs)
             Began as a Gargoyle Fighter on Sept 25, 2022.
             Slain by a gnoll
             ... wielding a +0 flail
              (8 damage)
             ... on level 3 of the Dungeon.
             The game lasted 00:00:47 (2385 turns).

qw the Chopper (Gargoyle Fighter)                   Turns: 2385, Time: 00:00:47

Health: -4/23      AC: 10    Str: 21    XL:     3   Next: 91%
Magic:  3/3        EV:  9    Int:  8    God:
Gold:   104        SH:  4    Dex:  9    Spells: 2/2 levels left

rFire   . . .      SeeInvis .    Y - +0 war axe
rCold   . . .      Faith    .    c - +0 buckler
rNeg    + . .      Spirit   .    b - +0 scale mail
rPois   inf        Reflect  .    (no helmet)
rElec   +          Harm     .    (no cloak)
rCorr   .          Rampage  .    (no gloves)
Will    .....                    (no boots)
Stlth   ..........               (no amulet)
HPRegen 0.07/turn                (no ring)
MPRegen 0.08/turn                (no ring)

@: no status effects
A: sickness immunity, AC +3, negative energy resistance 1, electricity
resistance, torment resistance 1, petrification resistance
a: no special abilities


You were on level 3 of the Dungeon.
You visited 1 branch of the dungeon, and saw 3 of its levels.

You collected 208 gold pieces.
You spent 104 gold pieces at shops.


Innate Abilities, Weirdness & Mutations

You are immune to sickness and miasma.
Your stone body is resilient. (AC +3)
You are immune to poison.
You resist negative energy. (rN+)
You are resistant to electric shocks. (rElec)
You are resistant to unholy torment.
You are immune to petrification.


   Skills:
 - Level 3.2 Fighting
 + Level 3.7 Axes
 - Level 3.2 Armour
 - Level 3.2 Shields


You had 2 spell levels left.
You didn't know any spells.
Your spell library was empty.

Inventory:

Hand Weapons
 i - a +0 morningstar
 Y - a +0 war axe (weapon)
Missiles
 k - 2 boomerangs (quivered)
Armour
 b - a +0 scale mail (worn)
 c - a +0 buckler (worn)
Scrolls
 j - a scroll of fog {unknown}
 l - a scroll of identify
Potions
 a - a potion of magic {unknown}
 d - a potion of might
 e - a potion of flight {unknown}
 f - 2 potions of lignification {unknown}
 g - a potion of heal wounds {unknown}
 h - a potion of curing {unknown}
 m - a potion of attraction {unknown}

Dungeon Overview and Level Annotations

Branches:
Dungeon (3/15)

Altars:

Shops:
D:3 (


Message History

You block the bat's attack.
You barely miss the bat. The bat closely misses you.
The bat closely misses you.
You slash the bat!
You kill the bat!
You see here a bat corpse.
m - a dark potion
f - 2 smoky grey potions (gained 1)
You open the door.
There is an open door here. 2 gnolls come into view.
The gnoll shouts!
A gnoll comes into view. It is wielding a +0 halberd.
Enter note:
2376 ||| Stepping ~*~*~tactically~*~*~ (stealth).
A gnoll comes into view. It is wielding a +0 spear.
2377 ||| Stepping ~*~*~tactically~*~*~ (hiding).
You start waiting.
A gnoll is nearby!
You barely miss the gnoll. The gnoll barely misses you.
You closely miss the gnoll. The gnoll closely misses you.
You hit the gnoll but do no damage. The gnoll hits you but does no damage.
You block the gnoll's attack. The gnoll hits you with a +0 flail!
The gnoll misses you. The gnoll barely misses you.
You closely miss the gnoll. You barely miss the gnoll. The gnoll misses you.
The gnoll closely misses you.
The gnoll hits you from afar with a +0 spear.
You barely miss the gnoll. x2
The gnoll barely misses you. You block the gnoll's attack.
The gnoll hits you but does no damage.
You hit the gnoll but do no damage. You hit the gnoll.
The gnoll completely misses you. The gnoll barely misses you.
The gnoll hits you from afar with a +0 spear.
You block the gnoll's attack. The gnoll closely misses you.
The gnoll hits you with a +0 flail!
You die...

... .# .# .# .## ..
... # ... # #
#.###.# # #.....
##..# #@..#
#.####gg## ##...
#g.g.g..# .....
.g.g.###.## #####
.### #....# .....
#.#..######## #####
#...........#
#.#..######.#######
....................


You could see 3 gnolls.

Vanquished Creatures
  An adder (D:3)
  8 ball pythons
  4 endoplasms
  2 giant cockroaches (D:1)
  7 goblins
  4 hobgoblins
  2 kobolds
  A quokka (D:1)
  6 bats
  A frilled lizard (D:3)
  4 rats
40 creatures vanquished.

Notes
Turn   | Place    | Note
-------+----------+-------------------------------------------
     0 | D:1      | qw the Gargoyle Fighter began the quest for the Orb.
     0 | D:1      | Reached XP level 1. HP: 14/14 MP: 1/1
     0 | D:1      | 0 ||| qw: Version: 0.2-a-10-g399e6c4
     0 | D:1      | 0 ||| qw: Game counter: 382
     0 | D:1      | 0 ||| qw: Always use a shield: true
     0 | D:1      | 0 ||| qw: God list: Okawaru
     0 | D:1      | 0 ||| qw: Allow faded altars: false
     0 | D:1      | 0 ||| qw: Do Orc after D:15 true
     0 | D:1      | 0 ||| qw: Do second Lair branch before Depths: true
     0 | D:1      | 0 ||| qw: Lair rune preference: random
     0 | D:1      | 0 ||| qw: Plans: Normal, Zot:1-4, God:TSO, Crypt, Tomb,
                  | Pan, Slime:5, Hells, Abyss, Orb
     0 | D:1      | 0 ||| PLANNING D:1-11
   304 | D:1      | 304 ||| Stepping ~*~*~tactically~*~*~ (stealth).
   325 | D:1      | 325 ||| Stepping ~*~*~tactically~*~*~ (stealth).
   328 | D:1      | Reached XP level 2. HP: 19/19 MP: 2/2
   808 | D:1      | 808 ||| Stepping ~*~*~tactically~*~*~ (stealth).
   811 | D:1      | 811 ||| Stepping ~*~*~tactically~*~*~ (stealth).
   812 | D:1      | 812 ||| Stepping ~*~*~tactically~*~*~ (stealth).
   813 | D:1      | 813 ||| Stepping ~*~*~tactically~*~*~ (stealth).
   850 | D:1      | Reached skill level 3 in Axes
  1031 | D:1      | 1031 ||| READING scroll labelled LYAPETHR HECH.
  1032 | D:1      | 1032 ||| READING scroll labelled GIBU DUISYHOOR.
  1033 | D:1      | 1033 ||| READING 3 scrolls labelled DESHOG WUECZANAMY.
  1034 | D:1      | 1034 ||| READING scroll labelled LAHEUBBASTRY.
  1076 | D:1      | 1076 ||| DROPPING 2 scrolls of amnesia.
  1161 | D:2      | Reached XP level 3. HP: 23/23 MP: 3/3
  1161 | D:2      | Found a faded altar of an unknown god.
  1342 | D:2      | 1342 ||| DROPPING +0 club.
  1442 | D:2      | 1442 ||| Stepping ~*~*~tactically~*~*~ (hiding).
  1445 | D:2      | 1445 ||| Stepping ~*~*~tactically~*~*~ (hiding).
  1446 | D:2      | 1446 ||| Stepping ~*~*~tactically~*~*~ (hiding).
  1455 | D:2      | 1455 ||| Stepping ~*~*~tactically~*~*~ (stealth).
  1462 | D:2      | 1462 ||| Stepping ~*~*~tactically~*~*~ (stealth).
  1724 | D:2      | 1724 ||| DROPPING +0 whip.
  1859 | D:2      | 1859 ||| READING scroll labelled MEW SIS XOYMO.
  1860 | D:2      | 1860 ||| READING scroll labelled OQAUJI JELIJIO.
  1878 | D:3      | Found Gimidwok's Antique Weapon Shop.
  1977 | D:3      | 1977 ||| BUYING morningstar (104 gold).
  1977 | D:3      | Bought a morningstar for 104 gold pieces
  1977 | D:3      | 1977 ||| DROPPING +2 mace of protection.
  2376 | D:3      | 2376 ||| Stepping ~*~*~tactically~*~*~ (stealth).
  2377 | D:3      | 2377 ||| Stepping ~*~*~tactically~*~*~ (hiding).
  2385 | D:3      | HP: 4/23 [gnoll/+0 spear (5)]
  2385 | D:3      | Slain by a gnoll

Levels and vault maps discovered:
D:1:      onia_arrival_mini_spirals, layout_loops_corners
D:2:      layout_basic, ebering_ecumenical_altar_ruins,
          kennysheep_cluttered_room
D:3:      layout_basic, slow_altar_2, serial_shops, nicolae_shop_waterfront

Skill      XL: |  1  2 |
---------------+-------+-----
Axes           | 2 3 |  3.7
Fighting       | |  3.2
Armour         | |  3.2
Shields        | |  3.2

Action                   || total
-------------------------++-------
Melee: War axe           ||   105
Throw: Boomerang         ||     3
  Use: Scroll            ||     6
Armor: Scale mail        ||    46
Dodge: Dodged            ||    52
Block: Buckler           ||    16

Table legend:
 A = Non-vault XP
 B = Vault XP
 C = Vault XP percentage of total XP
 D = Non-vault monster count
 E = Vault monster count
 F = Vault count percentage of total count
                 A         B        C        D         E       F
            +---------+---------+-------+---------+---------+-------
      Total |      78 |       0 |   0.0 |      40 |       0 |   0.0
            +---------+---------+-------+---------+---------+-------
        D:1 |      33 |       0 |   0.0 |      18 |       0 |   0.0
        D:2 |      23 |       0 |   0.0 |      14 |       0 |   0.0
        D:3 |      22 |       0 |   0.0 |       8 |       0 |   0.0
            +---------+---------+-------+---------+---------+-------
